 Dungeon Crawl Stone Soup version 0.18.1-5-g4a78601 (webtiles) character file.

75077 LORDOFBUTT the Spry (level 15, -9/122 HPs)
             Began as a Demonspawn Berserker on May 10, 2016.
             Was a High Priest of Trog.
             Mangled by Norris
             ... wielding a cursed +0 falchion
              (21 damage)
             ... on level 14 of the Dungeon on May 11, 2016.
             The game lasted 00:51:39 (21228 turns).

LORDOFBUTT the Spry (Demonspawn Berserker)         Turns: 21228, Time: 00:51:40

Health: -9/122     AC: 12    Str: 18    XL:     15   Next: 8%
Magic:  15/15      EV: 23    Int:  9    God:    Trog [*****.]
Gold:   2242       SH:  0    Dex: 16    Spells: 0 memorised, 14 levels left

rFire  + . .     SeeInvis +       - Unarmed
rCold  + + .     Gourm    +     f - +0 leather armour {MR+}
rNeg   . . .     Faith    .     (no shield)
rPois  .         Spirit   .     O - +0 hat {MR+}
rElec  +         Dismiss  .     v - +1 cloak {MR+}
rCorr  .         Reflect  .     (gloves unavailable)
SustAt .         Harm     .     (no boots)
MR     +++++                    D - amulet of the Lizard {Gourm rElec rF+}
Stlth  +++++.....               W - ring of Vomaeh {rC+ SInv Stlth+}
                                U - ring "Ceguejo" {rC+ MR+}

@: exhausted, slowed, very slow, almost entirely resistant to hostile
enchantments, quite stealthy
A: claws 3, horns 1, rough black scales 2, foul stench 1, powered by death 2,
rot immunity
a: Berserk, Trog's Hand, Brothers in Arms, Burn Spellbooks, Renounce Religion


You were on level 14 of the Dungeon.
You worshipped Trog.
Trog was extremely pleased with you.
You were not hungry.

You visited 3 branches of the dungeon, and saw 24 of its levels.
You also visited: Labyrinth, Ossuary and Ice Cave.

You collected 2290 gold pieces.
You spent 48 gold pieces at shops.

Inventory:

Hand Weapons
 t - the +8 hunting sling of Sudden Death {flame, Int+4, unknown}
   (You found it in an ice cave)

   It causes projectiles fired from it to burn those they strike, causing extra
   injury to most foes and up to half again as much damage against particularly
   susceptible opponents.
   It affects your intelligence (+4).
Missiles
 n - 4 poisoned javelins (quivered)
Armour
 f - a +0 leather armour of magic resistance (worn)
 v - a +1 cloak of magic resistance (worn)
 O - a +0 hat of magic resistance (worn)
 R - a +2 robe of fire resistance
Jewellery
 c - an uncursed ring of poison resistance
 w - an uncursed ring of wizardry
 y - an uncursed amulet of dismissal
 B - an uncursed ring of sustain attributes
 D - the amulet of the Lizard (around neck) {Gourm rElec rF+}
   (You found it in a labyrinth)

   [amulet of the gourmand]

   It allows you to eat raw meat even when not hungry.
   It protects you from fire.
   It insulates you from electricity.
 F - an uncursed ring of stealth
 H - an uncursed amulet of regeneration {unknown}
 N - a +3 ring of strength
 T - an uncursed amulet of the gourmand {unknown}
 U - the ring "Ceguejo" (left claw) {rC+ MR+}
   (You found it in a labyrinth)

   [ring of protection from magic]

   It protects you from cold.
   It affects your resistance to hostile enchantments.
 W - the ring of Vomaeh (right claw) {rC+ SInv Stlth+}
   (You found it on level 4 of the Lair of Beasts)

   [ring of stealth]

   It protects you from cold.
   It lets you see invisible.
   It makes you more stealthy.
 Y - an uncursed amulet of guardian spirit
Wands
 A - a wand of confusion (23/48)
 G - a wand of slowing (28/48)
 K - a wand of disintegration (13/24)
 M - a wand of disintegration (12/24)
 V - a wand of paralysis (13/24)
 X - a wand of digging (15/24)
Scrolls
 e - 2 scrolls of fear
 g - 6 scrolls of teleportation
 s - 2 scrolls of identify
 u - 11 scrolls of remove curse
 C - 3 scrolls of magic mapping
 E - 3 scrolls of fog
 L - a scroll of recharging
Potions
 d - a potion of resistance
 h - 3 potions of magic
 i - 9 potions of curing
 k - a potion of invisibility {unknown}
 l - 7 potions of flight
 m - 4 potions of might
 p - 5 potions of agility
 q - 6 potions of brilliance
 r - a potion of berserk rage
 P - a potion of mutation
 Q - 3 potions of haste
Books
 a - a book of Ice

   Spells                             Type                      Level
   a - Ice Form                       Ice/Transmutation            4
   b - Metabolic Englaciation         Hexes/Ice                    5
   c - Ozocubu's Refrigeration        Ice                          6
   d - Bolt of Cold                   Conjuration/Ice              6
   e - Freezing Cloud                 Conjuration/Ice/Air          6
   f - Simulacrum                     Ice/Necromancy               6
   Trog disapproves of the use of such an item.
 j - a book of Cantrips

   Spells                             Type                      Level
   a - Corona                         Hexes                        1
   b - Animate Skeleton               Necromancy                   1
   c - Summon Small Mammal            Summoning                    1
   d - Apportation                    Translocation                1
   Trog disapproves of the use of such an item.
 o - a book of Frost

   Spells                             Type                      Level
   a - Freeze                         Ice                          1
   b - Throw Frost                    Conjuration/Ice              2
   c - Ozocubu's Armour               Charms/Ice                   3
   d - Throw Icicle                   Conjuration/Ice              4
   e - Summon Ice Beast               Ice/Summoning                4
   Trog disapproves of the use of such an item.
 I - a book of Fire

   Spells                             Type                      Level
   a - Ignite Poison                  Fire/Transmutation/Poison    3
   b - Fireball                       Conjuration/Fire             5
   c - Bolt of Fire                   Conjuration/Fire             6
   d - Delayed Fireball               Conjuration/Fire             7
   e - Ring of Flames                 Charms/Fire                  7
   Trog disapproves of the use of such an item.
 J - a book of Summonings

   Spells                             Type                      Level
   a - Recall                         Summoning/Translocation      3
   b - Aura of Abjuration             Summoning                    5
   c - Summon Demon                   Summoning                    5
   d - Summon Forest                  Summoning/Translocation      5
   e - Summon Mana Viper              Hexes/Summoning              5
   f - Shadow Creatures               Summoning                    6
   Trog disapproves of the use of such an item.
 S - a book of Burglary

   Spells                             Type                      Level
   a - Swiftness                      Charms/Air                   2
   b - Passwall                       Transmutation/Earth          2
   c - Passage of Golubria            Translocation                4
   d - Lee's Rapid Deconstruction     Earth                        5
   e - Darkness                       Hexes                        6
   f - Invisibility                   Hexes                        6
   Trog disapproves of the use of such an item.
 Z - a Fen Folio

   Spells                             Type                      Level
   a - Corpse Rot                     Necromancy                   2
   b - Stone Arrow                    Conjuration/Earth            3
   c - Leda's Liquefaction            Hexes/Earth                  4
   d - Summon Forest                  Summoning/Translocation      5
   e - Hydra Form                     Transmutation                6
   f - Summon Hydra                   Summoning                    7
   Trog disapproves of the use of such an item.
Comestibles
 b - 16 bread rations
 x - 2 royal jellies
 z - 9 fruits


   Skills:
 + Level 12.7 Fighting
   Level 7.3 Staves
 + Level 0.3 Throwing
 + Level 3.1 Armour
 + Level 16.2 Dodging
 + Level 9.5 Stealth
 - Level 9.1 Unarmed Combat
 + Level 0.2 Evocations


You had 14 spell levels left.
You didn't know any spells.

Dungeon Overview and Level Annotations

Branches:
Dungeon (14/15)            Temple (0/1) D:7            Lair (8/8) D:9
  Swamp (0/4) Lair:5        Snake (0/4) Lair:4        Slime (0/6) Lair:8
    Orc (2/2) D:12            Elf (0/3) Orc:2        Vaults (0/5) D:14

Altars:
Ashenzari
Cheibriados
Dithmenos
Elyvilon
Gozag
Kikubaaqudgha
Nemelex Xobeh
Vehumet
Yredelemnul
The Shining One
Beogh
Jiyva

Shops:
D:4 *   D:5 !   D:7 *   Orc:1 !   Orc:2 [%([

Annotations:
D:14 Donald, Norris


Innate Abilities, Weirdness & Mutations

You have claws for hands.
You are mostly covered in rough black scales (AC +7, Dex -2).
You may emit foul miasma when damaged in melee.
You regenerate health from kills.
You are immune to rotting.
You have a pair of small horns on your head.


Message History

The human hits you but does no damage.
You are too berserk!
You are too berserk!
You are too berserk!
You claw the human!
The human is moderately wounded.
The human hits you.
* * * LOW HITPOINT WARNING * * *
The human hits you but does no damage.
You mangle the human!! You headbutt the human.
You kill the human!
Trog accepts your kill.
Your life force feels restored.
You are no longer berserk.
You are exhausted.
You feel yourself slow down. The human closely misses you.
The human misses you. The human hits you but does no damage.
Donald completely misses you.
Norris is engulfed in dark miasma.
Norris looks even sicker.
Norris hits you with a falchion!!
You die...

#############
#............
#..........#
#..........#
#....J.....#
#...@pp..(.#
#..Wp@pp...#
#...p@Cp...#
#...pppO......
#....pZ....##.
#.............
#.............
#...........#.
#..........##
#.#######..#


You could see Norris (invisible), Donald, a hill giant, a freezing wraith, 11
humans, an ogre, a jelly and a wolf spider zombie.

Vanquished Creatures
  Gastronok (Lair:2)
  A fire giant (D:12)
  An orc warlord (Orc:2)
  Maud (Orc:2)
  A minotaur (Lab)
  The ghost of Iamsock the Blocker, a journeyman DsFi of Ru (IceCv)
  A centaur warrior (D:12)
  The ghost of zlionsfan the Ducker, a novice TrNe of Yredelemnul (Orc:2)
  Erica (D:8)
  A death knight (D:12)
  3 orc high priests (Orc:2)
  Nergalle (D:11)
  The ghost of theanchor75 the Skirmisher, a novice GrFi of Okawaru (D:7)
  4 hill giants
  4 orc knights (Orc:2)
  2 necromancers
  5 orc sorcerers (Orc:2)
  3 ugly things
  3 griffons
  2 cyclopes (D:12)
  18 elephants
  3 manticores
  3 slime creatures (D:12)
  6 black mambas
  A torpor snail (Lair:4)
  6 gargoyles (Lab)
  16 spiny frogs
  3 rime drakes
  7 freezing wraiths (IceCv)
  3 kobold demonologists
  5 komodo dragons
  An efreet (D:13)
  A polar bear (Lair:8)
  The ghost of stupendous the Shield-Bearer, an amateur FoFi (Ossuary)
  A boulder beetle (Lair:7)
  2 centaur simulacra
  52 yaks
  A redback (Lab)
  6 humans
  4 basilisks
  3 wyverns
  A hungry ghost (D:11)
  Grum (Lair:1)
  2 vampire mosquitoes (D:12)
  A warg (Orc:2)
  5 hippogriffs
  2 hogs (D:8)
  Menkaure (D:6)
  5 swamp worms (Lair:5)
  9 water moccasins
  Duvessa (D:7)
  4 porcupines
  28 orc warriors
  A phantom (D:9)
  2 wasps
  9 ice beasts
  13 ogres
  2 sky beasts
  6 centaurs
  A necrophage (D:12)
  An elephant zombie (Lair:6)
  7 wolves
  2 big kobolds
  13 crocodiles
  Blork the orc (D:5)
  18 giant frogs
  A water moccasin zombie (D:8)
  Dowan (D:7)
  The ghost of GeneralGenocide the Cudgeler, a weakling MiBe of Trog (D:3)
  A killer bee (D:8)
  5 scorpions
  8 wights
  2 elephant simulacra (IceCv)
  4 howler monkeys
  4 electric eels
  2 giant frog zombies
  6 crimson imps
  3 centaur zombies
  28 orc priests
  4 draconian simulacra (IceCv)
  3 jellies
  Crazy Yiuf (D:4)
  2 basilisk zombies (Lair:6)
  A centaur skeleton (D:9)
  4 giant frog skeletons
  5 hounds
  7 iguanas
  39 orc wizards
  4 worker ants
  2 troll simulacra (IceCv)
  11 hell rats
  A polar bear simulacrum (IceCv)
  3 killer bee zombies
  12 sheep
  A wolf simulacrum (IceCv)
  A giant frog simulacrum (D:12)
  A crocodile zombie (Lair:6)
  A hound zombie (D:6)
  3 hound skeletons
  12 mummies (Ossuary)
  3 worker ant zombies
  2 howler monkey zombies (D:7)
  4 gnolls (D:5)
  2 howler monkey skeletons
  4 ogre simulacra (IceCv)
  17 adders
  65 river rats
  A shadow imp (D:6)
  17 white imps
  2 adder zombies
  An adder skeleton (D:8)
  A worm (D:3)
  2 dart slugs
  8 giant geckos
  69 orcs
  6 ball pythons (D:2)
  4 bats
  5 giant cockroaches
  5 goblins
  11 hobgoblins
  3 jackals (D:4)
  5 quokkas
  A ball python skeleton (D:4)
  5 giant newts
  3 gnoll skeletons (Ossuary)
  A jackal skeleton (D:7)
  7 kobolds
  3 kobold skeletons (Ossuary)
  2 orc skeletons (Ossuary)
  2 quokka skeletons
  A quokka zombie (D:5)
  4 rats
  11 rat skeletons (Ossuary)
  3 fungi
  2 plants (Lair:7)
783 creatures vanquished.

Vanquished Creatures (collateral kills)
  Harold (Lair:1)
  5 hydras
  6 yaks (Lair:8)
  A basilisk (Lair:8)
  A water moccasin (Lair:8)
  2 crocodiles (Lair:8)
  4 sheep (Lair:8)
  A river rat (Lair:8)
  A fungus (Lair:8)
22 creatures vanquished.

Vanquished Creatures (others)
  2 orc wizards (Orc:2)
  4 orcs (Orc:2)
  18 fungi
  3 plants
27 creatures vanquished.

Grand Total: 832 creatures vanquished

Notes
Turn   | Place    | Note
--------------------------------------------------------------
     0 | D:1      | LORDOFBUTT the Demonspawn Berserker began the quest for the Orb.
     0 | D:1      | Reached XP level 1. HP: 18/18 MP: 1/1
   352 | D:1      | Gained mutation: You are partially covered in rough black scales (AC +4, Dex -1). [demonic ancestry]
   352 | D:1      | Reached XP level 2. HP: 21/24 MP: 2/2
   681 | D:2      | Reached ** piety under Trog
   691 | D:2      | Reached skill level 2 in Dodging
   700 | D:2      | Found a radiant altar of Vehumet.
   700 | D:2      | Found an ancient bone altar of Kikubaaqudgha.
   753 | D:2      | Gained mutation: You have sharp fingernails. [demonic ancestry]
   753 | D:2      | Reached XP level 3. HP: 21/29 MP: 3/3
  1058 | D:2      | Found a shadowy altar of Dithmenos.
  1386 | D:2      | Reached XP level 4. HP: 28/35 MP: 4/4
  2073 | D:3      | Noticed GeneralGenocide's ghost (weakling MiBe)
  2080 | D:3      | Reached skill level 3 in Dodging
  2095 | D:3      | Killed GeneralGenocide's ghost
  2095 | D:3      | Reached skill level 1 in Stealth
  2095 | D:3      | Gained mutation: You have very sharp fingernails. [demonic ancestry]
  2095 | D:3      | Reached XP level 5. HP: 36/42 MP: 5/5
  2104 | D:3      | Found a glowing golden altar of the Shining One.
  2126 | D:3      | Found a basalt altar of Yredelemnul.
  2128 | D:3      | Noticed a profane servitor
  2297 | D:3      | Found a roughly hewn altar of Beogh.
  2332 | D:3      | Gained mutation: You have claws for hands. [demonic ancestry]
  2332 | D:3      | Reached XP level 6. HP: 28/48 MP: 6/6
  2451 | D:3      | Noticed an angel
  2497 | D:4      | Reached *** piety under Trog
  2543 | D:4      | Found a white marble altar of Elyvilon.
  2547 | D:4      | Reached skill level 4 in Dodging
  2621 | D:4      | Found Nuppu's Elemental Accessories.
  2704 | D:4      | Noticed Crazy Yiuf
  2711 | D:4      | Killed Crazy Yiuf
  2888 | D:4      | Found a snail-covered altar of Cheibriados.
  2967 | D:4      | Noticed an ice beast
  2979 | D:4      | Killed an ice beast
  2979 | D:4      | Reached XP level 7. HP: 22/54 MP: 7/7
  3017 | D:5      | Entered Level 5 of the Dungeon
  3054 | D:5      | Found Sistil's Distillery.
  3118 | D:5      | Found a shattered altar of Ashenzari.
  3252 | D:5      | Noticed Blork the orc
  3261 | D:5      | Killed Blork the orc
  3261 | D:5      | Reached skill level 5 in Dodging
  3600 | D:6      | Noticed a yak
  3617 | D:6      | Killed a yak
  3617 | D:6      | Reached skill level 5 in Unarmed Combat
  3659 | D:6      | Gained mutation: You are immune to rotting. [demonic ancestry]
  3659 | D:6      | Reached XP level 8. HP: 24/61 MP: 8/8
  3690 | D:6      | Reached skill level 6 in Dodging
  3849 | D:6      | Found an opulent altar of Gozag.
  3909 | D:6      | Noticed Menkaure
  3913 | D:6      | Killed Menkaure
  3913 | D:6      | Reached skill level 5 in Fighting
  3996 | D:6      | Reached **** piety under Trog
  4192 | D:7      | Found Fap Aby's Assorted Antiques.
  4195 | D:7      | Found a staircase to the Ecumenical Temple.
  4253 | D:7      | Reached skill level 7 in Dodging
  4499 | D:7      | Found a sand-covered staircase.
  4504 | D:7      | Noticed theanchor75's ghost (novice GrFi)
  4517 | D:7      | Killed theanchor75's ghost
  4517 | D:7      | Gained mutation: You regenerate a little health from kills. [demonic ancestry]
  4517 | D:7      | Reached XP level 9. HP: 69/69 MP: 9/9
  4525 | Ossuary  | Entered an ossuary
  4729 | Ossuary  | Noticed stupendous's ghost (amateur FoFi)
  4744 | Ossuary  | Killed stupendous's ghost
  4841 | D:7      | Gained mutation: You have a pair of small horns on your head. [potion of beneficial mutation]
  5225 | D:7      | Reached skill level 8 in Dodging
  5249 | D:7      | Noticed Dowan
  5250 | D:7      | Noticed Duvessa
  5256 | D:7      | Killed Duvessa
  5259 | D:7      | Killed Dowan
  5370 | D:7      | Reached ***** piety under Trog
  5924 | D:8      | Reached skill level 5 in Stealth
  5983 | D:8      | Gained mutation: You regenerate health from kills. [demonic ancestry]
  5983 | D:8      | Reached XP level 10. HP: 77/77 MP: 10/10
  6102 | D:8      | Noticed Erica
  6115 | D:8      | Killed Erica
  6115 | D:8      | Reached skill level 9 in Dodging
  6846 | D:9      | Found a sparkling altar of Nemelex Xobeh.
  6898 | D:9      | Found a staircase to the Lair.
  7529 | D:10     | Entered Level 10 of the Dungeon
  7573 | D:10     | Reached skill level 10 in Dodging
  7696 | D:10     | Gained mutation: You are mostly covered in rough black scales (AC +7, Dex -2). [demonic ancestry]
  7696 | D:10     | Reached XP level 11. HP: 84/84 MP: 11/11
  7865 | D:10     | Found a radiant altar of Vehumet.
  7894 | D:10     | Received a gift from Trog
  8071 | D:11     | Noticed Nergalle
  8087 | D:11     | Killed Nergalle
  8090 | D:11     | Reached skill level 1 in Staves
  8275 | D:11     | Noticed a hill giant
  8287 | D:11     | Killed a hill giant
  8414 | D:11     | Noticed a cyan ugly thing
  8434 | D:11     | Killed a cyan ugly thing
  8592 | D:12     | You fall through a shaft!
  8607 | D:12     | Reached skill level 11 in Dodging
  8725 | Lair:1   | Entered Level 1 of the Lair of Beasts
  8725 | Lair:1   | Noticed Grum
  8751 | Lair:1   | Killed Grum
  9193 | Lair:1   | Noticed Harold
  9208 | Lair:1   | Killed Harold
  9352 | Lair:1   | Reached XP level 12. HP: 80/95 MP: 12/12
  9741 | Lair:2   | Received a gift from Trog
  9798 | Lair:2   | Got a coiled marble ring
  9806 | Lair:2   | Identified the ring of Lounguab {*Tele *Corrode rC- rN+++ Stlth+} (You found it on level 2 of the Lair of Beasts)
  9915 | Lair:2   | Reached skill level 12 in Dodging
  9990 | Lair:2   | Noticed Gastronok
 10004 | Lair:2   | Killed Gastronok
 10249 | Lair:3   | Reached skill level 5 in Staves
 10332 | Lair:3   | Noticed a six-headed hydra
 10338 | Lair:3   | Killed a seven-headed hydra
 10450 | Lair:3   | Reached skill level 13 in Dodging
 10478 | Lair:3   | Reached skill level 10 in Fighting
 11079 | Lair:4   | Received a gift from Trog
 11084 | Lair:4   | Got a pitted iron ring
 11086 | Lair:4   | Identified the ring of Vomaeh {rC+ SInv Stlth+} (You found it on level 4 of the Lair of Beasts)
 11303 | Lair:4   | Found a staircase to the Snake Pit.
 11696 | Lair:4   | Reached XP level 13. HP: 103/103 MP: 13/13
 12141 | Lair:5   | Found a staircase to the Swamp.
 13077 | Lair:6   | Received a gift from Trog
 14456 | Lair:8   | Entered Level 8 of the Lair of Beasts
 14476 | Lair:8   | Reached skill level 14 in Dodging
 14519 | Lair:8   | Found a labyrinth entrance.
 14707 | Lair:8   | Found a viscous altar of Jiyva.
 14708 | Lair:8   | Found a staircase to the Slime Pits.
 14735 | Lair:8   | Received a gift from Trog
 14912 | Lab      | Entered a labyrinth
 15055 | Lab      | Gained mutation: You may emit foul miasma when damaged in melee. [demonic ancestry]
 15055 | Lab      | Reached XP level 14. HP: 113/113 MP: 14/14
 15400 | Lab      | Got a flickering lead amulet
 15402 | Lab      | Identified the amulet of the Lizard {Gourm rElec rF+} (You found it in a labyrinth)
 15425 | Lab      | Got a fine marble ring
 15461 | Lab      | Identified the ring "Ceguejo" {rC+ MR+} (You found it in a labyrinth)
 16280 | D:12     | Found a staircase to the Orcish Mines.
 16291 | D:12     | Found a roughly hewn altar of Beogh.
 16324 | Orc:1    | Entered Level 1 of the Orcish Mines
 16453 | Orc:1    | Found Hutait's Distillery.
 16595 | Orc:2    | Entered Level 2 of the Orcish Mines
 16613 | Orc:2    | Received a gift from Trog
 16673 | Orc:2    | Noticed zlionsfan's ghost (novice TrNe)
 16690 | Orc:2    | Killed zlionsfan's ghost
 16965 | Orc:2    | Found a frozen archway.
 16971 | Orc:2    | Noticed Maud
 16995 | Orc:2    | Killed Maud
 16995 | Orc:2    | Reached skill level 15 in Dodging
 17134 | IceCv    | Entered an ice cave
 17134 | IceCv    | Noticed Iamsock's ghost (journeyman DsFi)
 17163 | IceCv    | Killed Iamsock's ghost
 17411 | IceCv    | Got a crystal hunting sling
 18090 | Orc:2    | HP: 3/115 [soul eater/drain life[an orc sorcerer] (8)]
 18092 | Orc:2    | Found a staircase to the Elven Halls.
 18541 | Orc:2    | Found Ymeidum's Antique Weapon Shoppe.
 18541 | Orc:2    | Found Iceshoyseez's Armour Boutique.
 18544 | Orc:2    | Found Raikurph's Antique Armour Shoppe.
 18544 | Orc:2    | Found Aduocau's Food Boutique.
 18556 | Orc:2    | Bought a runed leather armour for 48 gold pieces
 18801 | Orc:2    | Noticed an orc warlord
 18837 | Orc:2    | Killed an orc warlord
 18906 | Orc:1    | Received a gift from Trog
 19287 | D:12     | Noticed a fire giant
 19313 | D:12     | HP: 7/172 [fire giant/great sword of flaming (5)]
 19315 | D:12     | Killed a fire giant
 19315 | D:12     | Reached skill level 16 in Dodging
 20149 | D:12     | Reached XP level 15. HP: 122/122 MP: 15/15
 21200 | D:14     | Found a gate to the Vaults.
 21200 | D:14     | Noticed Norris
 21200 | D:14     | Noticed Donald
 21210 | D:14     | Received a gift from Trog
 21228 | D:14     | Mangled by Norris

Skill      XL: |  1  2  3  4  5  6  7  8  9 10 11 12 13 14 |
---------------+-------------------------------------------+-----
Unarmed Combat | 3 4 5 6 7 9 |  9.1
Armour         | 2 3 |  3.1
Dodging        | 2 3 4 5 7 8 10 11 13 14 16 | 16.2
Stealth        | 1 2 3 5 6 7 8 9 |  9.5
Fighting       | 4 5 6 7 9 10 11 12 | 12.7
Staves         | 3 5 7 |  7.3
Throwing       | |  0.3
Evocations     | |  0.2

Action                   |  1- 3 |  4- 6 |  7- 9 | 10-12 | 13-15 || total
-------------------------+-------+-------+-------+-------+-------++-------
Melee: Unarmed           |   142 |   161 |   369 |   787 |  1479 ||  2938
       Punch             |       |     3 |    12 |    35 |    60 ||   110
       Headbutt          |       |       |    20 |   203 |   348 ||   571
       Lajatang          |       |       |       |    27 |       ||    27
Throw: Javelin           |       |       |       |       |     4 ||     4
Invok: Berserk           |     2 |     3 |     7 |     8 |    24 ||    44
       Trog's Hand       |     1 |       |       |     1 |       ||     2
       Burn Spellbooks   |       |       |     1 |       |       ||     1
       Brothers in Arms  |       |       |       |     2 |     5 ||     7
Evoke: Wand              |       |       |       |       |     5 ||     5
  Use: Scroll            |     8 |     3 |     7 |    17 |    10 ||    45
       Potion            |       |     1 |     3 |     1 |     4 ||     9
 Stab: Sleeping          |     2 |     2 |    16 |    27 |    28 ||    75
       Distracted        |       |       |       |       |     3 ||     3
  Eat: Beef jerky        |     2 |       |     1 |     4 |     2 ||     9
       Pizza             |     1 |       |     1 |     5 |     4 ||    11
       Meat ration       |       |     2 |     2 |     3 |     6 ||    13
       Chunk             |       |       |     1 |     2 |     2 ||     5
       Fruit             |       |       |       |       |     6 ||     6
       Bread ration      |       |       |       |       |     3 ||     3
Armor: Animal skin       |    36 |    73 |    86 |    28 |       ||   223
       Robe              |       |       |       |   194 |   321 ||   515
       Leather armour    |       |       |       |       |    70 ||    70
Dodge: Dodged            |    81 |   110 |   214 |   764 |  1813 ||  2982
